 Dungeon Crawl Stone Soup version 0.28.0-49-g6dfe1f597d (webtiles) character file.

Game seed: 7302651091228288606

39 Zeld the Insei (level 3, -2/23 HPs)
             Began as an Octopode Transmuter on May 15, 2022.
             Slain by an orc wizard
             ... wielding a +0 dagger
              (3 damage)
             ... on level 2 of the Dungeon.
             The game lasted 00:01:21 (1577 turns).

Zeld the Insei (Octopode Transmuter)                Turns: 1577, Time: 00:01:21

Health: -2/23      AC:  1    Str: 11    XL:     3   Next: 45%
Magic:  6/6        EV: 13    Int: 15    God:
Gold:   75         SH:  0    Dex: 12    Spells: 1/7 levels left

rFire   . . .      SeeInvis .     - Unarmed
rCold   . . .      Faith    .   (no shield)
rNeg    . . .      Spirit   .   (helmet currently unavailable)
rPois   .          Reflect  .   (no amulet)
rElec   .          Harm     .   (no ring)
rCorr   .          Rampage  .   (no ring)
Will    .....                   (no ring)
Stlth   +++.......              (no ring)
HPRegen 0.07/turn               (no ring)
MPRegen 0.10/turn               (no ring)
                                (no ring)
                                (no ring)

@: appendages (expiring)
A: tentacle spike 3, almost no armour, amphibious, 8 rings, camouflage 1,
gelatinous body 1, (nimble swimmer 1), tentacles
a: End Transformation


You were on level 2 of the Dungeon.
One of your tentacles had grown a beastly spike.
You visited 1 branch of the dungeon, and saw 2 of its levels.

You collected 75 gold pieces.

Inventory:

Scrolls
 c - a scroll of teleportation {unknown}
 d - a scroll of fear {unknown}
 f - a scroll of brand weapon {unknown}
Potions
 a - a potion of haste {unknown}
 b - a potion of brilliance {unknown}
 e - a potion of degeneration {unknown}


   Skills:
 - Level 1.0 Fighting
 - Level 2.0 Dodging
 + Level 1.2 Stealth
 - Level 3.0 Unarmed Combat
 * Level 2.5 Spellcasting
 * Level 2.6 Transmutations
 + Level 0.6 Ice Magic
 + Level 1.1 Poison Magic


You had one spell level left.
You knew the following spells:

 Your Spells              Type           Power      Damage    Failure   Level
a - Beastly Appendage     Tmut           18%        N/A       7%          1
b - Wereblood             Tmut           9%         N/A       11%         2
c - Spider Form           Tmut/Pois      7%         N/A       28%         3

Your spell library contained the following spells:

 Spells                   Type           Power      Damage    Failure   Level
 Ice Form                 Ice/Tmut       6%         N/A       71%         4


Dungeon Overview and Level Annotations

Branches:
Dungeon (2/15)

Altars:


Innate Abilities, Weirdness & Mutations

One of your tentacles has grown a beastly spike.
You cannot wear most types of armour.
You are amphibious.
You can wear up to eight rings at the same time.
Your skin changes colour to match your surroundings (Stealth+).
Your rubbery body absorbs attacks. (AC +1, EV +1)
((You are camouflaged when in or above water. (Stealth+)))
You have tentacles for arms and can constrict up to eight enemies at once.


Message History

Deactivating autopickup; reactivate with Ctrl-A.
You tentacle-slap the orc. Your grab misses the orc.
You pierce the orc.
Your squeeze misses the orc.
The orc is severely wounded.
The orc hits you with a +0 short sword.
You tentacle-slap the orc but do no damage.
You grab the orc.
The orc is severely wounded.
You constrict the orc.
You kill the orc!
You closely miss the orc. Your grab misses the orc.
Your tentacle-slap misses the orc.
Your squeeze misses the orc. The orc barely misses you.
You tentacle-slap the orc but do no damage.
You grab the orc.
You pierce the orc, but do no damage.
You constrict the orc. The orc barely misses you.
You tentacle-slap the orc.
The orc is almost dead.
You constrict the orc.
You kill the orc!
You miss something. You completely miss something. Something hits you.
You tentacle-slap something.
You pierce something.
Your tentacle-slap misses something.
Something hits you.
You miss something.
You hear some strange, mumbled words.
A puff of flame appears from out of thin air!
The puff of flame hits you.
* * * LOW HITPOINT WARNING * * *
You miss something.
Your tentacle spike misses something.
Your transformation is almost over.
Something hits you but does no damage.
You tentacle-slap something but do no damage.
You squeeze something. Something hits you.
* * * LOW HITPOINT WARNING * * *
You barely miss something.
You pierce something.
Something hits you.
* * * LOW HITPOINT WARNING * * *
You completely miss something.
Your tentacle-slap misses something.
Something hits you.
You die...

. #.. #..<>.## #.# #.# ...#
#.....# #.# #.# #..# ####+##
#.# #.# ...# #.# #.# #..#
#.# ..# #.# ..# # #.# #.#
..# #.##.######.# #.# ..#
#......@{...# #.# ..# #
####.####...# #.# ..#
#.######.# #.#.# #.# ..#
#........# #.#.# #.# .##
#.##.##### #.#.# #.# .# #.
#.....# #.#.# #.#
.#####.##.###.# #.#.## #.#
.......##.###.####.#..####.#
.[####.##..................#


There were no monsters in sight!

Vanquished Creatures
  2 dart slugs
  2 orcs (D:2)
  4 ball pythons
  2 bats (D:1)
  3 endoplasms
  2 giant cockroaches (D:1)
  7 hobgoblins
  A quokka (D:1)
  A frilled lizard (D:2)
  A goblin (D:2)
  3 kobolds (D:2)
28 creatures vanquished.

Notes
Turn   | Place    | Note
-------+----------+-------------------------------------------
     0 | D:1      | Zeld the Octopode Transmuter began the quest for the Orb.
     0 | D:1      | Reached XP level 1. HP: 13/13 MP: 3/3
   222 | D:1      | Reached XP level 2. HP: 18/18 MP: 5/5
   278 | D:1      | Learned a level 2 spell: Wereblood
  1070 | D:2      | Reached skill level 1 in Stealth
  1070 | D:2      | Reached XP level 3. HP: 22/23 MP: 4/6
  1074 | D:2      | Learned a level 3 spell: Spider Form
  1094 | D:2      | Reached skill level 1 in Poison Magic
  1576 | D:2      | HP: 1/23 [something (3)]
  1577 | D:2      | Slain by an orc wizard

Illustrated notes

Levels and vault maps discovered:
D:1:      sevenhm_arrival_forest_fort_small_6, layout_basic, serial_park_tiny_1,
          corexii_leaking_fountain
D:2:      layout_basic

Skill      XL: |  1  2  3 |
---------------+----------+-----
Stealth        | 1 |  1.2
Poison Magic   | 1 |  1.1
Fighting       | |  1.0
Dodging        | |  2.0
Unarmed Combat | |  3.0
Spellcasting   | |  2.5
Transmutations | |  2.6
Ice Magic      | |  0.6

Action                   || total
-------------------------++-------
Melee: Unarmed           ||    60
       Kick              ||    21
       Constrict         ||    17
       Tentacles         ||    13
 Cast: Beastly Appendage ||    22
 Stab: Sleeping          ||     1
Armor: Skin              ||     1
Dodge: Dodged            ||    40
